AoeStats
← J8S

Arena

508498468Analyzed
2v2 RM · 9d ago on Sep 22, 2026· 40m 45s· 4 players
Game mode
Random Map
Map size
Medium (4 player)
Population
200
Speed
Normal
Resources
Standard
Victory
Conquest
Starting age
Dark Age
Ending age
Imperial Age
RankedLock teamsTeams togetherTeam positionsShared explorationLock speedFull tech treeHidden civsTurbo modeCheats
Victory
Defeat
🇳🇱 Vietnamese · Netherlands
1566
+15
🇳🇱 Goths · Netherlands
1549
+15
🇮🇹 Bohemians · Italy
1539
-15
🇮🇹 Persians · Italy
1532
-15
OS | Gr0uch0_
11:24 Feudal Age
15:21 Castle Age
13:45 Double-Bit Axe
13:41 Horse Collar
15:04 Town Watch
16:21 Bow Saw
16:17 Heavy Plow
21:33 Wheelbarrow
22:14 Gold Mining
23:27 Hand Cart
24:00 Loom
24:44 Scale Barding Armor
25:31 Gold Shaft Mining
25:11 Forging
25:56 Chain Barding Armor
26:30 Bloodlines
26:57 Iron Casting
28:11 Husbandry
28:06 Light Cavalry
32:59 Imperial Age
32:45 Cavalier
34:00 Plate Barding Armor
34:27 Two-Man Saw
34:04 Conscription
33:29 Elite Skirmisher
34:00 Fletching
35:13 Chemistry
36:18 Bodkin Arrow
36:23 Padded Archer Armor
36:38 Kamandaran
37:51 Ballistics
37:11 Crossbowman
37:57 Thumb Ring
38:08 Leather Archer Armor
40:47 Ring Archer Armor
Evol_
11:20 Feudal Age
14:49 Castle Age
12:44 Double-Bit Axe
12:52 Horse Collar
16:05 Bow Saw
16:23 Heavy Plow
19:04 Fervor
21:41 Wheelbarrow
24:17 Loom
24:50 Hand Cart
28:22 Imperial Age
27:04 Chemistry
26:25 Padded Archer Armor
29:27 Leather Archer Armor
30:27 Houfnice
32:40 Siege Engineers
36:47 Elite Skirmisher
39:59 Ring Archer Armor
39:19 Fletching
CornelVS1
10:55 Feudal Age
15:15 Castle Age
13:50 Double-Bit Axe
14:12 Horse Collar
15:26 Gold Mining
16:12 Bow Saw
16:25 Heavy Plow
18:15 Wheelbarrow
17:29 Loom
19:06 Hand Cart
23:37 Imperial Age
21:50 Fletching
22:41 Bodkin Arrow
22:47 Padded Archer Armor
23:09 Crossbowman
23:41 Capped Ram
26:34 Thumb Ring
29:16 Bracer
31:18 Leather Archer Armor
32:36 Ring Archer Armor
32:10 Arbalester
38:26 Chemistry
37:46 Ballistics
J8S
10:42 Feudal Age
14:31 Castle Age
12:30 Double-Bit Axe
12:27 Horse Collar
15:31 Bow Saw
21:07 Gold Mining
21:56 Wheelbarrow
21:07 Loom
26:19 Imperial Age
24:59 Scale Mail Armor
25:09 Forging
25:22 Pikeman
26:04 Stone Mining
26:21 Squires
27:09 Iron Casting
26:51 Chain Mail Armor
26:23 Halberdier
27:39 Iron Casting
30:08 Heavy Plow
32:55 Blast Furnace
31:48 Town Watch
32:04 Man-at-Arms
32:36 Fletching
34:08 Bodkin Arrow
37:22 Coinage
36:20 Long Swordsman
38:07 Bracer
38:16 Two-Handed Swordsman
39:46 Ballistics
40:27 Chemistry
39:59 Hand Cart
Connection lost

Rejoining the realm…

Still unreachable

The connection could not be restored.

Session expired

The server has moved on; the page needs a fresh start.